 Dungeon Crawl Stone Soup version 0.32-a0-918-g0f22ef8d61 (webtiles) character file.

Game seed: 1334655749835275384

235 GeoRichter the Trooper (level 6, -1/32 HPs)
             Began as a Vine Stalker Warper on Apr 11, 2024.
             Was an Initiate of Wu Jian.
             Succumbed to a killer bee's poison
             ... on level 3 of the Dungeon.
             The game lasted 00:04:01 (2224 turns).

GeoRichter the Trooper (Vine Stalker Warper)        Turns: 2224, Time: 00:04:02

Health: -1/32      AC:  9    Str: 15    XL:     6   Next: 6%
Magic:  7/10       EV: 10    Int: 13    God:    Wu Jian [......]
Gold:   96         SH:  0    Dex: 14    Spells: 9/9 levels left

rFire   . . .        a - +0 short sword
rCold   . . .        (no shield)
rNeg    + . .        g - +0 ring mail
rPois   .            (no helmet)
rElec   .            h - +0 cloak
rCorr   .            (no gloves)
SInv    .            b - +2 pair of boots
Will    .....        j - amulet of magic regeneration
Stlth   +            n - ring of positive energy
HPRegen 1.05/turn    (no ring)
MPRegen 0.52/turn

%: guardian spirit
@: lethally poisoned (-1 -> -17)
A: fangs 2, regeneration 1, magic shield, antimagic bite, no potion heal 2
a: Renounce Religion


You were on level 3 of the Dungeon.
You worshipped Wu Jian.
Wu Jian was noncommittal.
You visited 1 branch of the dungeon, and saw 4 of its levels.

You collected 96 gold pieces.

Inventory:

Hand Weapons
 a - a +0 short sword (weapon)
Missiles
 d - 7 darts of dispersal {!f}
 k - 5 poisoned darts (quivered)
Armour
 b - a +2 pair of boots (worn)
   (You found it on level 2 of the Dungeon)
 g - a +0 ring mail (worn)
   (You took it off a goblin on level 1 of the Dungeon)
 h - a +0 cloak (worn)
   (You found it on level 2 of the Dungeon)
Jewellery
 j - an amulet of magic regeneration (around neck)
   (You found it on level 2 of the Dungeon)
 n - a ring of positive energy (left hand)
   (You found it on level 3 of the Dungeon)
Wands
 p - a wand of roots (13)
   (You found it on level 3 of the Dungeon)
Scrolls
 c - 2 scrolls of blinking
 e - a scroll of brand weapon {unknown}
 i - a scroll of immolation {unknown}
 l - 2 scrolls of fog {unknown}
 q - a scroll of identify {unknown}
Potions
 f - 2 potions of lignification {unknown}
 m - 3 potions of enlightenment {unknown}
 o - a potion of attraction {unknown}
 r - 2 potions of degeneration {unknown}
 s - a potion of heal wounds {unknown}


   Skills:
 + Level 3.4 Fighting
 - Level 3.0(3.7) Short Blades
 * Level 3.3(3.9) Long Blades
 - Level 0.8 Throwing
 - Level 0.7 Armour
 - Level 1.5 Dodging
 - Level 2.1 Spellcasting
 - Level 3.0 Translocations


You had 9 spell levels left.
You didn't know any spells.
Your spell library contained the following spells:

 Spells                   Type           Power      Damage    Failure   Level
 Blink                    Tloc           18%        N/A       22%         2
 Lesser Beckoning         Tloc           18%        N/A       22%         2
 Maxwell's Portable Pile  Tloc           9%         2d(6-16)  41%         3
 Teleport Other           Tloc           9%         N/A       41%         3
 Vhi's Electric Charge    Tloc/Air       10%        N/A       95%         4


Dungeon Overview and Level Annotations

Branches:
Dungeon (4/15) Zot: 21804
 Temple: D:4-7

Altars:
Cheibriados
Wu Jian
Yredelemnul

Shops:
D:3 (

Annotations:
D:2 1 runed translucent door, Crazy Yiuf
D:3 1 runed translucent door
D:4 Natasha


Innate Abilities, Weirdness & Mutations

You have extremely sharp teeth.
Your natural rate of healing is unusually fast.
When hurt, damage is shared between your health and your magic reserves.
Your bite disrupts and absorbs the magic of your enemies.
Potions cannot restore your health.


Message History

The killer bee poisons you!
The killer bee stings you but does no damage.
The killer bee stings you.
You are too injured to fight recklessly!
You are too injured to fight recklessly!
You barely miss the killer bee. Your bite misses the killer bee.
The killer bee is moderately wounded.
You feel sick.
The killer bee stings you but does no damage.
The killer bee stings you. The killer bee closely misses you.
You miss the killer bee. You bite the killer bee. You drain its power.
You feel invigorated.
The killer bee is heavily wounded.
You feel sick. The killer bee barely misses you. The killer bee stings you.
* * * LOW HITPOINT WARNING * * *
The killer bee stings you but does no damage.
The killer bee barely misses you.
You hit the killer bee but do no damage.
Your bite misses the killer bee.
The killer bee is heavily wounded.
You feel sick. The killer bee completely misses you. The killer bee stings you.
* * * LOW HITPOINT WARNING * * *
You hit the killer bee. You bite the killer bee. You drain its power.
You feel invigorated.
The killer bee is severely wounded.
You feel sick. The killer bee stings you.
You are more poisoned.
The killer bee poisons you! The killer bee closely misses you.
The killer bee stings you but does no damage.
The killer bee closely misses you.
You miss the killer bee.
The killer bee is severely wounded.
You feel very sick. The killer bee stings you.
* * * LOW HITPOINT WARNING * * *
You are lethally poisoned!
The killer bee poisons you! The killer bee stings you.
* * * LOW HITPOINT WARNING * * *
You are more poisoned.
The killer bee poisons you!
The killer bee stings you but does no damage.
You hit the killer bee but do no damage.
Your bite misses the killer bee.
The killer bee is severely wounded.
* * * LOW HITPOINT WARNING * * *
You feel very sick. The killer bee stings you.
The killer bee closely misses you. x2
You miss the killer bee. Your bite misses the killer bee.
The killer bee is severely wounded.
You die...

..#.#.....#.#.....(............#
..#.#.###.#.#..................#
....#.# #.#........รท...........#
#####.###.###..................#
......#...###....#......#####.##
..###.......#....#......# #.# ..#
#.......#......###'## #.### ..#
#.......#.#....# #.######....
..###.......#.#.@y.###.....######
............#.##.y....####.#
..#####.......##......# #.# ..#
##########......# #.######
############..).......####.##....
#.........##..........#.##.###
####..........+..........#.##.#
.............##.............#.#
####.......).##..........#..#.#


You could see 2 killer bees.

Vanquished Creatures
  Sigmund (D:3)
  2 adders
  A ribbon worm (D:2)
  A dart slug (D:2)
  An orc (D:3)
  5 ball pythons
  5 endoplasms
  3 giant cockroaches
  13 goblins
  9 hobgoblins
  3 jackals (D:1)
  4 bats
  3 frilled lizards (D:2)
  2 kobolds
  2 rats
55 creatures vanquished.

Notes
Turn   | Place    | Note
-------+----------+-------------------------------------------
     0 | D:1      | GeoRichter the Vine Stalker Warper began the quest for the
                  | Orb.
     0 | D:1      | Reached XP level 1. HP: 11/11 MP: 4/4
   148 | D:1      | Reached XP level 2. HP: 15/15 MP: 4/6
   549 | D:1      | Reached XP level 3. HP: 18/18 MP: 4/7
   815 | D:2      | Found an ornate altar of the Wu Jian Council.
   919 | D:2      | Became a worshipper of the Wu Jian Council
  1011 | D:2      | Reached skill level 1 in Long Blades
  1011 | D:2      | Reached XP level 4. HP: 23/23 MP: 5/8
  1320 | D:2      | Found a runed translucent door.
  1321 | D:2      | Noticed Crazy Yiuf
  1495 | D:3      | Found a faded altar of an unknown god.
  1519 | D:3      | Identified the +4 war axe "Wucukigorgh" {heavy, rPois
                  | Will+}
  1715 | D:3      | Found a runed translucent door.
  1715 | D:3      | Noticed a human
  1732 | D:3      | Found a basalt altar of Yredelemnul.
  1848 | D:3      | Noticed Sigmund
  1922 | D:3      | Killed Sigmund
  1923 | D:3      | Reached XP level 5. HP: 14/28 MP: 9/9
  1923 | D:3      | Reached XP level 6. HP: 16/32 MP: 10/10
  2097 | D:3      | Found Cavimof's Weapon Emporium.
  2194 | D:4      | Found a snail-covered altar of Cheibriados.
  2199 | D:4      | Noticed Natasha
  2224 | D:3      | Succumbed to a killer bee's poison

Illustrated notes

Levels and vault maps discovered:
D:1:      lightli_arrival_flooded_house, layout_rooms,
          dreamdust_mushroom_princess, minivault_27
D:2:      layout_basic, basic_altar, uniq_crazy_yiuf_cottage, uniq_robin
D:3:      layout_basic, dk_yredelemnul_ordeal,
          hellmonk_ecumenical_altar_pennies_from_heaven, serial_shops,
          nicolae_shop_just_a_little_nook, uniq_sigmund
D:4:      layout_cave_pools, mainiacjoe_overflow_concentric_impassable,
          mainiacjoe_overflow_alcove_1, grunt_ministairs_6, uniq_blork_the_orc,
          uniq_natasha

Skill      XL: |  1  2  3  4 |
---------------+-------------+-----
Short Blades   | 2 3 |  3.0
Fighting       | 2 3 |  3.4
Long Blades    | 1 3 |  3.3
Throwing       | |  0.8
Armour         | |  0.7
Dodging        | |  1.5
Spellcasting   | |  2.1
Translocations | |  3.0

Action                     |  1- 3 |  4- 6 || total
---------------------------+-------+-------++-------
  Melee: Short sword       |   152 |    69 ||   221
         Bite              |    33 |    16 ||    49
Ability: Lunge             |     2 |     5 ||     7
 Armour: Leather armour    |    35 |       ||    35
         Ring mail         |    40 |    58 ||    98
  Dodge: Dodged            |    82 |    23 ||   105

Table legend: (Time is in decaauts)
 A = Elapsed time spent in this place.
 B = Non-inter-level travel time spent in this place.
 C = Inter-level travel time spent in this place.
 D = Time resting spent in this place.
 E = Time spent auto-exploring this place.
 F = Levels seen in this place.
 G = Mean time per level.
                   A        B        C        D        E       F      G
               +--------+--------+--------+--------+--------+-----+--------+
         Total |   2196 |   2093 |    103 |     46 |   1541 |   4 |  549.0 |
       Dungeon |   2196 |   2093 |    103 |     46 |   1541 |   4 |  549.0 |
               +--------+--------+--------+--------+--------+-----+--------+

Top non-repeatable levels by time:
     D:1: 744 daAuts
     D:2: 717 daAuts
     D:3: 711 daAuts
     D:4: 22 daAuts
